 Dungeon Crawl Stone Soup version 0.21.1-1-g345015f (webtiles) character file.

400 VersusAllOdds the Skirmisher (level 6, -5/49 HPs)
             Began as a Demonspawn Berserker on July 21, 2018.
             Was a Priest of Trog.
             Splashed by Ijyb's acid (7 damage)
             ... on level 4 of the Dungeon.
             The game lasted 00:13:58 (4930 turns).

VersusAllOdds the Skirmisher (Demonspawn Berserker) Turns: 4930, Time: 00:13:59

Health: -5/49      AC:  9    Str: 19    XL:     6   Next: 54%
Magic:  6/6        EV:  7    Int:  8    God:    Trog [***...]
Gold:   172        SH:  0    Dex: 13    Spells: 5/5 levels left

rFire    . . .     SeeInvis .   a - +1 falchion
rCold    . . .     Gourm    .   (no shield)
rNeg     . . .     Faith    .   l - +0 plate armour
rPois    .         Spirit   .   g - +0 helmet
rElec    .         Reflect  .   (no cloak)
rCorr    .         Harm     .   e - +0 pair of gloves
MR       .....                  (no boots)
Stlth    ..........             (no amulet)
HPRegen  0.16/turn              (no ring)
MPRegen  0.10/turn              (no ring)

@: corroded
A: hooves 1, nightstalker 2
a: Berserk, Trog's Hand, Burn Spellbooks, Renounce Religion


You were on level 4 of the Dungeon.
You worshipped Trog.
Trog was most pleased with you.
You were not hungry.

You visited 1 branch of the dungeon, and saw 4 of its levels.

You collected 172 gold pieces.

Inventory:

Hand Weapons
 a - a +1 falchion (weapon)
Armour
 b - a +0 animal skin
 e - a +0 pair of gloves (worn)
 g - a +0 helmet (worn)
 l - a +0 plate armour (worn)
 s - a +2 helmet
Jewellery
 f - an uncursed amulet of guardian spirit {unknown}
 i - an uncursed ring of protection from fire
 k - a cursed amulet of inaccuracy {unknown}
 m - a cursed ring of teleportation {unknown}
Wands
 r - a wand of paralysis (8)
Scrolls
 h - 2 scrolls of blinking
 j - 2 scrolls of teleportation
 n - 2 scrolls of fog {unknown}
Potions
 d - 2 potions of haste {unknown}
 o - a potion of curing {unknown}
 p - 2 potions of lignification {unknown}
Comestibles
 c - 3 rations
 q - a chunk of flesh


   Skills:
 + Level 4.4 Fighting
 + Level 4.3 Long Blades
 + Level 3.5 Armour
 + Level 3.3 Dodging


You had 5 spell levels left.
You didn't know any spells.

Dungeon Overview and Level Annotations

Branches:
Dungeon (4/15)
 Temple: D:4-7

Altars:

Annotations:
D:4 Grinder, Ijyb


Innate Abilities, Weirdness & Mutations

You have large cloven feet.
You are significantly more attuned to the shadows.


Message History

Ijyb is moderately wounded.
Ijyb hits you but does no damage.
Press: ? - help, v - describe, . - travel
Here: Ijyb, wearing a dyed leather armour and carrying a wand of acid (7) (moderately wounded)
The floor, spattered with blood.
Your plate armour prevents you from hitting Ijyb.
Ijyb is moderately wounded.
Ijyb hits you.
You closely miss Ijyb. Your kick misses Ijyb.
Ijyb is moderately wounded.
Ijyb hits you but does no damage.
You hit Ijyb but do no damage. Your kick misses Ijyb.
Ijyb is moderately wounded.
Ijyb hits you but does no damage.
You barely miss Ijyb. Your kick misses Ijyb.
Ijyb is moderately wounded.
Ijyb zaps a wand.
The bolt of acid hits you!
* * * LOW HITPOINT WARNING * * *
You are splashed with acid!
The acid burns!
You die...

#.#.# #.### #.. #.# ##
.# .#
.###################
................@g.#
##################....
###


You could see Ijyb.

Vanquished Creatures
  A bullfrog (D:4)
  A scorpion (D:4)
  A hound (D:4)
  2 orc priests
  2 worker ants (D:4)
  Robin (D:4)
  3 adders
  2 worms
  3 dart slugs
  A leopard gecko (D:2)
  9 orcs
  2 ball pythons (D:2)
  2 giant cockroaches
  14 goblins
  5 hobgoblins
  6 jackals (D:1)
  3 quokkas
  11 bats
  9 frilled lizards
  A jackal skeleton (D:4)
  9 kobolds
  A quokka skeleton (D:4)
  7 rats
96 creatures vanquished.

Notes
Turn   | Place    | Note
-------+----------+-------------------------------------------
     0 | D:1      | VersusAllOdds the Demonspawn Berserker began the quest for the Orb.
     0 | D:1      | Reached XP level 1. HP: 18/18 MP: 1/1
    77 | D:1      | Gained mutation: You are slightly more attuned to the shadows. [demonic ancestry]
    77 | D:1      | Reached XP level 2. HP: 10/24 MP: 2/2
   918 | D:1      | Gained mutation: You are significantly more attuned to the shadows. [demonic ancestry]
   918 | D:1      | Reached XP level 3. HP: 27/29 MP: 3/3
  1004 | D:1      | Reached ** piety under Trog
  1549 | D:2      | Reached XP level 4. HP: 11/35 MP: 4/4
  3720 | D:4      | Gained mutation: You have large cloven feet. [demonic ancestry]
  3720 | D:4      | Reached XP level 5. HP: 35/42 MP: 5/5
  3740 | D:4      | Noticed Grinder
  4022 | D:4      | Reached XP level 6. HP: 32/48 MP: 6/6
  4135 | D:4      | Noticed Robin
  4147 | D:4      | Killed Robin
  4247 | D:4      | Reached *** piety under Trog
  4920 | D:4      | Noticed Ijyb
  4930 | D:4      | HP: 2/49 [Ijyb/wand of acid (7) (23)]
  4930 | D:4      | Splashed by Ijyb's acid

Skill      XL: |  1  2  3  4  5 |
---------------+----------------+-----
Long Blades    | 3 4 |  4.3
Armour         | 2 3 |  3.5
Dodging        | 2 3 |  3.3
Fighting       | 4 |  4.4

Action                   |  1- 3 |  4- 6 || total
-------------------------+-------+-------++-------
Melee: Falchion          |   118 |   194 ||   312
       Kick              |       |    33 ||    33
  Use: Scroll            |       |     7 ||     7
 Stab: Sleeping          |    14 |     7 ||    21
  Eat: Chunk             |     2 |     8 ||    10
       Ration            |       |     1 ||     1
Armor: Animal skin       |    33 |    11 ||    44
       Plate armour      |       |   112 ||   112
Dodge: Dodged            |    95 |    79 ||   174
       Rpst.: Falchion   |    29 |    28 ||    57
